 Dungeon Crawl Stone Soup version 0.30.0-5-g1a98f26d00 (webtiles) character file.

Game seed: 1744565427848147066

59 Anandil the Trooper (level 3, 0/29 HPs)
             Began as a Demonspawn Fighter on May 11, 2023.
             Slain by a cerulean imp
             ... wielding a +0 spear
             ... summoned by Natasha
              (3 damage)
             ... on level 3 of the Dungeon.
             The game lasted 00:03:02 (1505 turns).

Anandil the Trooper (Demonspawn Fighter)            Turns: 1505, Time: 00:03:03

Health: 0/29       AC: 11    Str: 16 (18) XL:     3   Next: 78%
Magic:  3/3        EV:  8    Int:  8 (9)  God:
Gold:   71         SH:  4    Dex: 10 (12) Spells: 2/2 levels left

rFire   x . .        a - +0 war axe
rCold   + + .        c - +0 buckler
rNeg    . . .        h - +0 ice dragon scales
rPois   .            (helmet restricted)
rElec   .            o - +0 cloak
rCorr   .            (no gloves)
SInv    .            (no boots)
Will    .....        (no amulet) Stlth
                     (no ring)
HPRegen 0.24/turn    (no ring)
MPRegen 0.08/turn

%: no passive effects
@: mighty
A: horns 1
a: no special abilities


You were on level 3 of the Dungeon.
You visited 1 branch of the dungeon, and saw 3 of its levels.

You collected 71 gold pieces.

Inventory:

Hand Weapons
 a - a +0 war axe (weapon)
Armour
 b - a +0 scale mail
 c - a +0 buckler (worn)
 h - +0 ice dragon scales (worn)
 o - a +0 cloak (worn)
Scrolls
 e - a scroll of poison {unknown}
 f - a scroll of silence {unknown}
 i - 2 scrolls of teleportation {unknown}
 j - 2 scrolls of amnesia {unknown}
 k - a scroll of torment {unknown}
 l - a scroll of magic mapping {unknown}
 m - a scroll of identify {unknown}
 p - a scroll of noise {unknown}
Potions
 d - a potion of might
 n - a potion of heal wounds {unknown}


   Skills:
 + Level 3.4 Fighting
 + Level 2.4 Axes
 + Level 3.1 Armour
 + Level 3.2 Shields


You had 2 spell levels left.
You didn't know any spells.
Your spell library contained the following spells:

 Spells                   Type           Power      Damage    Failure   Level
 Vhi's Electric Charge    Tloc/Air       0%         N/A       100%        3
 Arcjolt                  Conj/Air       0%         1d10      100%        5
 Plasma Beam              Fire/Air       0%         2x1d11    100%        6


Dungeon Overview and Level Annotations

Branches:
Dungeon (3/15)

Altars:
Uskayaw

Annotations:
D:1 1 transporter
D:3 Natasha


Innate Abilities, Weirdness & Mutations

You have a pair of small horns on your head.


Message History

The cerulean imp hits you but does no damage.
The adder bites you but does no damage.
The cerulean imp hits you from afar with a +0 spear.
Natasha claws you. You block the cerulean imp's attack.
You hit Natasha.
Natasha is lightly wounded.
You slash the adder!
You kill the adder!
The cerulean imp completely misses you.
Natasha stares at you and mumbles some strange words.
You resist with significant effort. The cerulean imp barely misses you. x2
Natasha claws you!
* * * LOW HITPOINT WARNING * * *
The cerulean imp hits you but does no damage.
Unknown command.
It was a potion of degeneration.
There was something very wrong with that liquid.
You feel weakened.
You feel dopey.
You feel clumsy. The cerulean imp barely misses you.
You block Natasha's attack. The cerulean imp barely misses you.
You feel very mighty all of a sudden. You block the cerulean imp's attack.
Natasha barely misses you. You block the cerulean imp's attack.
The cerulean imp completely misses you. Natasha claws you.
* * * LOW HITPOINT WARNING * * *
The cerulean imp hits you but does no damage.
Unknown command.
You completely miss Natasha.
Natasha is lightly wounded.
You feel yourself speed up.
The cerulean imp disappears in a puff of smoke!
You block the cerulean imp's attack. Natasha claws you but does no damage.
The cerulean imp hits you but does no damage.
Natasha claws you but does no damage.
You completely miss Natasha. Your headbutt misses Natasha.
Natasha is lightly wounded.
The cerulean imp hits you but does no damage.
Natasha claws you but does no damage.
The cerulean imp hits you from afar with a +0 spear.
You die...

#.......#
#.#
#.#######
#.# #.# #.#
#.# #.# #.#
### #.# #.#
.> #.## #.#
.# #>..
#.##†##
####
#.#@h5####
#.....§....
###...####.
##.## .# .#
.. ##


You could see Natasha and a cerulean imp (summoned).

Vanquished Creatures
  A gnoll (D:1)
  An adder (D:3)
  4 bats
  2 endoplasms
  2 giant cockroaches (D:2)
  4 goblins
  2 hobgoblins (D:1)
  3 jackals (D:1)
  5 quokkas
  6 ball pythons
  4 kobolds
  4 rats
38 creatures vanquished.

Notes
Turn   | Place    | Note
-------+----------+-------------------------------------------
     0 | D:1      | Anandil the Demonspawn Fighter began the quest for the Orb.
     0 | D:1      | Reached XP level 1. HP: 18/18 MP: 1/1
   119 | D:1      | Gained mutation: You have a pair of small horns on your
                  | head. [demonic ancestry]
   119 | D:1      | Reached XP level 2. HP: 12/24 MP: 2/2
   445 | D:1      | Reached XP level 3. HP: 28/29 MP: 3/3
   862 | D:2      | Found a faded altar of an unknown god.
  1308 | D:2      | Found a hide-covered altar of Uskayaw.
  1493 | D:3      | Noticed Natasha
  1505 | D:3      | Slain by a cerulean imp

Illustrated notes

Levels and vault maps discovered:
D:1:      spicycebolla_arrival_risky_transporter, layout_loops_cross,
          nicolae_grassy_gnolls
D:2:      layout_loops_ring, basic_altar, shapermc_ecumenical_altar_gd,
          due_unseen_surprise
D:3:      layout_loops_ring, lightli_temple_of_fire, serial_shops,
          nicolae_shop_trees, uniq_natasha

Skill      XL: |  1  2 |
---------------+-------+-----
Axes           | 2 |  2.4
Armour         | 3 |  3.1
Shields        | 3 |  3.2
Fighting       | |  3.4

Action                     || total
---------------------------++-------
  Melee: War axe           ||    90
         Headbutt          ||     7
    Use: Potion            ||     2
 Armour: Scale mail        ||    23
         Ice dragon scales ||    53
  Dodge: Dodged            ||    70
  Block: Buckler           ||    31
